Capitals vs Nordiques
Created - 11 février 2017 at 22:26
Goals
|
| Capitals |
1 |
2 |
2 |
5 |
| Nordiques |
0 |
1 |
1 |
2 |
|
Shots
|
| Capitals |
5 |
14 |
14 |
33 |
| Nordiques |
5 |
10 |
18 |
33 |
|
1st period
1. Capitals , Jarome Iginla 20 (Ondrej Palat) at 19:19
Penalties :
Kyle Calder (Que) for Interference (Minor) at 10:26, Tyler Seguin (Was) for Interference (Minor) at 17:00
2nd period
2. Capitals , Saku Koivu 5 (Jamie Langenbrunner, Joffrey Lupul) at 8:42
3. Capitals , Ondrej Palat 3 (Jarome Iginla, Zdeno Chara) at 12:49
4. Nordiques , Vaclav Prospal 10 (Matt Moulson) at 19:19
Penalties :
Tyler Seguin (Was) for Goalie Interference (Minor) at 1:40, Daniel Briere (Was) for Tripping (Minor) at 9:16, James Neal (Was) for Tripping (Minor) at 13:16
3rd period
5. Capitals , Scottie Upshall 19 (James Neal) at 14:01
6. Nordiques , Fedor Tyutin 6 (Vaclav Prospal) at 14:39
7. Capitals , Tyler Seguin 6 (Jarome Iginla, Paul Martin) at 19:31 (PP)
Penalties :
Scottie Upshall (Was) for Tripping (Minor) at 5:08, T.J. Fast (Que) for Roughing (Minor) at 17:33
Goalie Stats
Ilya Bryzgalov (Was), 31 saves from 33 shots - (0,939), W, 6-7-2, 60:00 minutes
Martin Brodeur (Que), 28 saves from 33 shots - (0,848), L, 17-10-5, 60:00 minutes
Players Stats for Capitals
Player Name G A P +/- PIM S H SB GA TA FO MP PP MP PK MP
------------------------------------------------------------------------------------
Daniel Briere 0 0 0 0 2 2 1 0 0 0 11/16 20:22 2:07 4:42
Erik Cole 0 0 0 -1 0 2 2 0 0 0 0/0 13:14 0:07 3:01
James Neal 0 1 1 0 2 3 2 0 0 1 0/2 17:34 2:07 1:51
Jamie Langenbrunner 0 1 1 1 0 2 2 1 0 0 0/0 13:20 0:07 5:38
Jarome Iginla 1 2 3 2 0 5 2 0 0 0 3/3 19:20 1:43 2:07
Jay Harrison 0 0 0 0 0 0 0 1 0 0 0/0 11:19 0:00 0:00
Joffrey Lupul 0 1 1 1 0 0 0 1 1 0 0/0 7:17 0:00 0:00
Kris Russell 0 0 0 0 0 1 0 0 0 0 0/0 10:39 0:00 0:00
Marek Zidlicky 0 0 0 0 0 2 2 0 2 1 0/0 24:36 2:28 5:35
Mark Giordano 0 0 0 2 0 3 1 0 0 2 0/0 23:14 1:29 4:20
Ondrej Palat 1 1 2 2 0 1 0 0 0 0 2/3 19:02 1:43 1:16
Paul Martin 0 1 1 2 0 1 1 3 3 0 0/0 27:32 2:28 5:35
Ryan Callahan 0 0 0 -1 0 2 2 0 0 0 0/0 9:46 0:07 0:00
Saku Koivu 1 0 1 1 0 1 0 0 0 0 1/1 7:17 0:00 0:00
Scottie Upshall 1 0 1 0 2 2 1 1 0 0 0/1 13:15 0:00 0:00
Sean Couturier 0 0 0 -1 0 0 2 0 0 0 2/3 12:49 2:07 0:56
Tyler Seguin 1 0 1 2 4 5 2 0 1 0 13/32 18:26 1:43 0:19
Zdeno Chara 0 1 1 0 0 1 1 1 0 0 0/0 20:58 1:29 4:20
Players Stats for Nordiques
Player Name G A P +/- PIM S H SB GA TA FO MP PP MP PK MP
------------------------------------------------------------------------------------
Chris Drury 0 0 0 -1 0 0 0 0 0 0 13/32 20:53 5:37 2:19
Dmitry Kulikov 0 0 0 -2 0 1 0 1 0 1 0/0 10:39 0:00 0:00
Dustin Byfuglien 0 0 0 0 0 3 2 2 0 0 0/0 20:37 3:41 1:24
Fedor Tyutin 1 0 1 0 0 2 2 2 0 0 0/0 28:57 6:14 2:46
Jarret Stoll 0 0 0 0 0 0 0 0 0 0 0/0 1:44 0:00 0:13
Jean-Pierre Dumont 0 0 0 -1 0 2 2 0 0 2 3/3 19:32 5:37 0:58
Kyle Calder 0 0 0 1 2 2 1 0 1 0 0/0 20:21 4:18 0:20
Mark Eaton 0 0 0 0 0 1 2 0 0 0 0/0 28:44 6:14 2:33
Matt Moulson 0 1 1 -2 0 0 3 0 1 0 1/1 13:53 0:00 1:06
Michael Ryder 0 0 0 -2 0 2 0 0 0 1 0/0 11:29 0:00 0:00
Nikolai Kulemin 0 0 0 0 0 0 0 0 0 0 0/0 7:18 0:00 0:17
Pascal Dupuis 0 0 0 1 0 3 1 1 0 0 0/0 18:59 4:18 0:00
Paul Gaustad 0 0 0 -2 0 2 2 0 1 0 5/7 11:29 0:00 0:00
R.J. Umberger 0 0 0 -1 0 3 2 1 1 1 2/3 24:44 5:37 1:43
Rich Peverley 0 0 0 0 0 1 0 0 0 0 0/3 5:43 0:00 0:00
Ryan Ellis 0 0 0 -2 0 0 0 1 0 2 0/0 11:13 0:00 0:34
T.J. Fast 0 0 0 0 2 5 4 1 0 0 0/0 19:49 3:41 0:37
Vaclav Prospal 1 1 2 1 0 6 1 0 0 0 5/12 19:57 4:18 0:58
3 Stars
1 - Jarome Iginla (Was)
2 - Ondrej Palat (Was)
3 - Vaclav Prospal (Que)
Power Play
Capitals - 1 on 2 Attempt(s) - 50,00%
Nordiques - 0 on 5 Attempt(s) - 0,00%
Penalty Kill
Capitals - 5 on 5 Attempt(s) - 100,00%
- Score 0 goal in Penalty Kill
Nordiques - 1 on 2 Attempt(s) - 50,00%
- Score 0 goal in Penalty Kill
Team Stat
Capitals - Hits : 21 - Faceoff Wins : 32 - Blocked Shots : 8 - Penalty Minutes : 10
Nordiques - Hits : 22 - Faceoff Wins : 29 - Blocked Shots : 9 - Penalty Minutes : 4
Official
Referees : Auger Stephane and Furlatt Eric
Linesman : Brad Lazarowich and Steve Miller
Game Notes
No Game Note
Finance
Level 1 -- Attendance: 4213 (70,22%) -- Ticket Income 421 300 $
Level 2 -- Attendance: 3590 (71,80%) -- Ticket Income 215 400 $
Level 3 -- Attendance: 1318 (65,90%) -- Ticket Income 54 038 $
Level 4 -- Attendance: 2248 (56,20%) -- Ticket Income 67 440 $
Luxury Box -- Attendance: 997 (99,70%) -- Ticket Income 159 520 $
Game was played at the Centre Videotron.
Total Attendance: 12366 (68,70%)
Total Ticket Income: 917 698 $
Other Income: 137 655 $
Total Income: 1 055 353 $
Capitals
5 vs 5 Forward
Center Left Wing Right Wing Time % Phy DF OF
1 Tyler Seguin Ondrej Palat Jarome Iginla 40 1 2 2
2 Daniel Briere Scottie Upshall James Neal 30 1 2 2
3 Sean Couturier Erik Cole Ryan Callahan 20 1 2 2
4 Saku Koivu Joffrey Lupul Jamie Langenbrunner 10 1 2 2
5 vs 5 Defense
Defense Defense Time % Phy DF OF
1 Paul Martin Mark Giordano 40 1 2 2
2 Zdeno Chara Marek Zidlicky 30 1 2 2
3 Jay Harrison Kris Russell 20 1 2 2
4 Paul Martin Marek Zidlicky 10 1 2 2
PowerPlay Forward
Center Left Wing Right Wing Time % Phy DF OF
1 Tyler Seguin Ondrej Palat Jarome Iginla 60 1 2 2
2 Daniel Briere Sean Couturier James Neal 40 1 2 2
PowerPlay Defense
Defense Defense Time % Phy DF OF
1 Paul Martin Marek Zidlicky 60 1 2 2
2 Zdeno Chara Mark Giordano 40 1 2 2
Penalty Kill 4 Players Forward
Center Wing Time % Phy DF OF
1 Daniel Briere Jamie Langenbrunner 60 1 2 2
2 James Neal Erik Cole 40 1 2 2
Penalty Kill 4 Players Defense
Defense Defense Time % Phy DF OF
1 Paul Martin Marek Zidlicky 60 1 2 2
2 Zdeno Chara Mark Giordano 40 1 2 2
Penalty Kill - 3 Players Forward
Forward Time % Phy DF OF
1 Daniel Briere 60 1 2 2
2 Jarome Iginla 40 1 2 2
Penalty Kill - 3 Players Defense
Defense Defense Time % Phy DF OF
1 Paul Martin Marek Zidlicky 60 1 2 2
2 Zdeno Chara Mark Giordano 40 1 2 2
4 vs 4 Forward
Center Wing Time % Phy DF OF
1 Daniel Briere Jarome Iginla 60 1 2 2
2 James Neal Erik Cole 40 1 2 2
4 vs 4 Defense
Defense Defense Time % Phy DF OF
1 Paul Martin Marek Zidlicky 60 1 2 2
2 Zdeno Chara Mark Giordano 40 1 2 2
Last Minutes Offensive
Center Left Wing Right Wing Defense Defense
Daniel Briere Erik Cole Jarome Iginla Paul Martin Marek Zidlicky
Last Minutes Defensive
Center Left Wing Right Wing Defense Defense
Jamie Langenbrunner Erik Cole Jarome Iginla Paul Martin Marek Zidlicky
Goaltenders
Starting : Ilya Bryzgalov
Backup : Braden Holtby
Extra Forwards
Normal : Jamie Langenbrunner, Ryan Callahan, Tyler Seguin - PP : Jamie Langenbrunner, Ryan Callahan - PK : Jarome Iginla
Extra Defensemen
Normal : Jay Harrison, Kris Russell, Zdeno Chara - PP : Jay Harrison - PK : Kris Russell, Zdeno Chara
Penalty Shots
Ryan Callahan, Scottie Upshall, James Neal, Jarome Iginla, Joffrey Lupul
Nordiques
5 vs 5 Forward
Center Left Wing Right Wing Time % Phy DF OF
1 Chris Drury R.J. Umberger Jean-Pierre Dumont 40 1 2 2
2 Vaclav Prospal Kyle Calder Pascal Dupuis 30 1 2 2
3 Paul Gaustad Matt Moulson Michael Ryder 20 1 2 2
4 Rich Peverley Nikolai Kulemin R.J. Umberger 10 1 2 2
5 vs 5 Defense
Defense Defense Time % Phy DF OF
1 Fedor Tyutin Mark Eaton 40 1 2 2
2 Dustin Byfuglien T.J. Fast 30 1 2 2
3 Dmitry Kulikov Ryan Ellis 20 1 2 2
4 Fedor Tyutin Mark Eaton 10 1 2 2
PowerPlay Forward
Center Left Wing Right Wing Time % Phy DF OF
1 Chris Drury R.J. Umberger Jean-Pierre Dumont 60 1 2 2
2 Vaclav Prospal Kyle Calder Pascal Dupuis 40 1 2 2
PowerPlay Defense
Defense Defense Time % Phy DF OF
1 Fedor Tyutin Mark Eaton 60 1 2 2
2 Dustin Byfuglien T.J. Fast 40 1 2 2
Penalty Kill 4 Players Forward
Center Wing Time % Phy DF OF
1 R.J. Umberger Chris Drury 60 1 2 2
2 Jean-Pierre Dumont Vaclav Prospal 40 1 2 2
Penalty Kill 4 Players Defense
Defense Defense Time % Phy DF OF
1 Fedor Tyutin Mark Eaton 60 1 2 2
2 Dustin Byfuglien T.J. Fast 40 1 2 2
Penalty Kill - 3 Players Forward
Forward Time % Phy DF OF
1 R.J. Umberger 60 1 2 2
2 Chris Drury 40 1 2 2
Penalty Kill - 3 Players Defense
Defense Defense Time % Phy DF OF
1 Fedor Tyutin Mark Eaton 60 1 2 2
2 Dustin Byfuglien T.J. Fast 40 1 2 2
4 vs 4 Forward
Center Wing Time % Phy DF OF
1 R.J. Umberger Chris Drury 60 1 2 2
2 Jean-Pierre Dumont Vaclav Prospal 40 1 2 2
4 vs 4 Defense
Defense Defense Time % Phy DF OF
1 Fedor Tyutin Mark Eaton 60 1 2 2
2 Dustin Byfuglien T.J. Fast 40 1 2 2
Last Minutes Offensive
Center Left Wing Right Wing Defense Defense
Chris Drury R.J. Umberger Jean-Pierre Dumont Fedor Tyutin Mark Eaton
Last Minutes Defensive
Center Left Wing Right Wing Defense Defense
Chris Drury R.J. Umberger Jean-Pierre Dumont Fedor Tyutin Mark Eaton
Goaltenders
Starting : Martin Brodeur
Backup : Julien Ellis
Extra Forwards
Normal : Jarret Stoll, Paul Gaustad, Matt Moulson - PP : Jarret Stoll, Paul Gaustad - PK : Matt Moulson
Extra Defensemen
Normal : Dmitry Kulikov, Ryan Ellis, Dustin Byfuglien - PP : Dmitry Kulikov - PK : Ryan Ellis, Dustin Byfuglien
Penalty Shots
R.J. Umberger, Chris Drury, Jean-Pierre Dumont, Vaclav Prospal, Paul Gaustad
% Time on Ice - Capitals
Lines # - Real PCT - Wanted PCT - Time Play
Normal Forward
1 - 34% - 40% - 15:48
2 - 30% - 30% - 13:37
3 - 20% - 20% - 9:26
4 - 16% - 10% - 7:17
Normal Defense
1 - 41% - 40% - 18:58
2 - 33% - 30% - 15:09
3 - 23% - 20% - 10:39
4 - 3% - 10% - 1:22
PP Forward
1 - 46% - 60% - 1:50
2 - 54% - 40% - 2:07
PP Defense
1 - 62% - 60% - 2:28
2 - 38% - 40% - 1:29
PK Forward
1 - 72% - 60% - 7:09
2 - 28% - 40% - 2:46
PK Defense
1 - 56% - 60% - 5:35
2 - 44% - 40% - 4:20
PK3 Forward
1 - 0% - 60%
2 - 0% - 40%
PK3 Defense
1 - 0% - 60%
2 - 0% - 40%
44 Forward
1 - 0% - 60%
2 - 0% - 40%
44 Defense
1 - 0% - 60%
2 - 0% - 40%
Last Minute Offensive - 0:00
Last Minute Defensive - 0:00
Total
Forward - 60:00
Defense - 60:00
|
% Time on Ice - Nordiques
Lines # - Real PCT - Wanted PCT - Time Play
Normal Forward
1 - 31% - 40% - 14:15
2 - 32% - 30% - 14:41
3 - 25% - 20% - 11:29
4 - 12% - 10% - 5:43
Normal Defense
1 - 40% - 40% - 18:25
2 - 34% - 30% - 15:32
3 - 23% - 20% - 10:39
4 - 3% - 10% - 1:32
PP Forward
1 - 57% - 60% - 5:37
2 - 43% - 40% - 4:18
PP Defense
1 - 63% - 60% - 6:14
2 - 37% - 40% - 3:41
PK Forward
1 - 76% - 60% - 2:59
2 - 24% - 40% - 0:58
PK Defense
1 - 65% - 60% - 2:33
2 - 35% - 40% - 1:24
PK3 Forward
1 - 0% - 60%
2 - 0% - 40%
PK3 Defense
1 - 0% - 60%
2 - 0% - 40%
44 Forward
1 - 0% - 60%
2 - 0% - 40%
44 Defense
1 - 0% - 60%
2 - 0% - 40%
Last Minute Offensive - 0:00
Last Minute Defensive - 0:00
Total
Forward - 60:00
Defense - 60:00
|
Play by Play
1st period
0:01 of 1st period - Jarome Iginla wins face-off versus Chris Drury in neutral zone.
0:06 of 1st period - Snap shot by Jarome Iginla.
0:06 of 1st period - Stopped by Martin Brodeur without a rebound.
0:07 of 1st period - Tyler Seguin wins face-off versus Chris Drury in Nordiques zone.
0:59 of 1st period - Marek Zidlicky is hit by Matt Moulson.
1:11 of 1st period - Matt Moulson is hit by Marek Zidlicky and loses puck.
1:30 of 1st period - Slapshot by Jean-Pierre Dumont.
1:30 of 1st period - Shot Misses the Net.
1:32 of 1st period - Slapshot by T.J. Fast.
1:32 of 1st period - Stopped by Ilya Bryzgalov without a rebound.
1:33 of 1st period - Saku Koivu wins face-off versus Rich Peverley in Capitals zone.
1:42 of 1st period - Wrist shot by R.J. Umberger.
1:42 of 1st period - Stopped by Ilya Bryzgalov with a rebound.
3:17 of 1st period - Saku Koivu is hit by R.J. Umberger and loses puck.
3:32 of 1st period - James Neal is hit by Matt Moulson and loses puck.
3:39 of 1st period - Snap shot by Michael Ryder.
3:39 of 1st period - Shot Misses the Net.
6:13 of 1st period - Michael Ryder is hit by Zdeno Chara and loses puck.
6:31 of 1st period - Mark Eaton is hit by Sean Couturier and loses puck.
7:44 of 1st period - Rich Peverley is hit by Sean Couturier.
7:48 of 1st period - Fedor Tyutin is hit by Ryan Callahan.
7:58 of 1st period - Fedor Tyutin is hit by Daniel Briere.
8:21 of 1st period - Jamie Langenbrunner is hit by Paul Gaustad and loses puck.
8:41 of 1st period - Ondrej Palat is hit by R.J. Umberger.
9:12 of 1st period - Scottie Upshall is hit by Fedor Tyutin and loses puck.
9:29 of 1st period - Rich Peverley is hit by Jamie Langenbrunner and loses puck.
10:12 of 1st period - Dmitry Kulikov is hit by Erik Cole and loses puck.
10:19 of 1st period - Snap shot by Erik Cole.
10:19 of 1st period - Stopped by Martin Brodeur without a rebound.
10:20 of 1st period - Tyler Seguin wins face-off versus Vaclav Prospal in Nordiques zone.
10:26 of 1st period - Minor Penalty to Kyle Calder for Interference.
10:27 of 1st period - Matt Moulson wins face-off versus Tyler Seguin in Nordiques zone.
11:54 of 1st period - Wrist shot by Matt Moulson.
11:54 of 1st period - Shot Misses the Net.
12:26 of 1st period - Penalty to Kyle Calder is over, Kyle Calder is back on ice.
13:09 of 1st period - Snap shot by Kyle Calder.
13:09 of 1st period - Shot Misses the Net.
13:31 of 1st period - Wrist shot by Kyle Calder.
13:31 of 1st period - Shot Misses the Net.
13:33 of 1st period - Wrist shot by Nikolai Kulemin.
13:33 of 1st period - Shot Misses the Net.
13:35 of 1st period - Slapshot by Dustin Byfuglien.
13:35 of 1st period - Shot Blocked by Jamie Langenbrunner.
13:37 of 1st period - Backhand shot by Dmitry Kulikov.
13:37 of 1st period - Shot Blocked by Joffrey Lupul.
13:39 of 1st period - Slapshot by Fedor Tyutin.
13:39 of 1st period - Shot Blocked by Paul Martin.
13:41 of 1st period - Slapshot by Dustin Byfuglien.
13:41 of 1st period - Shot Misses the Net.
13:43 of 1st period - Slapshot by Dmitry Kulikov.
13:43 of 1st period - Stopped by Ilya Bryzgalov without a rebound.
13:44 of 1st period - Ondrej Palat wins face-off versus Chris Drury in Capitals zone.
13:46 of 1st period - Icing by Tyler Seguin.
13:47 of 1st period - Tyler Seguin wins face-off versus Chris Drury in Capitals zone.
13:56 of 1st period - Snap shot by R.J. Umberger.
13:56 of 1st period - Shot Misses the Net.
13:58 of 1st period - Snap shot by Chris Drury.
13:58 of 1st period - Shot Misses the Net.
14:00 of 1st period - Wrist shot by R.J. Umberger.
14:00 of 1st period - Stopped by Ilya Bryzgalov with a rebound.
14:02 of 1st period - Slapshot by R.J. Umberger.
14:02 of 1st period - Shot Misses the Net.
14:20 of 1st period - Snap shot by Vaclav Prospal.
14:20 of 1st period - Deflect By Pascal Dupuis.
14:20 of 1st period - Shot Misses the Net.
14:20 of 1st period - Puck is out of play.
14:21 of 1st period - Jean-Pierre Dumont wins face-off versus Tyler Seguin in Capitals zone.
14:22 of 1st period - Snap shot by Chris Drury.
14:22 of 1st period - Shot Misses the Net.
14:50 of 1st period - T.J. Fast is hit by Scottie Upshall and loses puck.
15:14 of 1st period - T.J. Fast is hit by Paul Martin and loses puck.
15:25 of 1st period - Fedor Tyutin is hit by Jarome Iginla and loses puck.
15:44 of 1st period - Snap shot by Rich Peverley.
15:44 of 1st period - Stopped by Ilya Bryzgalov without a rebound.
15:45 of 1st period - Tyler Seguin wins face-off versus Rich Peverley in Capitals zone.
16:37 of 1st period - Snap shot by Ryan Callahan.
16:37 of 1st period - Stopped by Martin Brodeur without a rebound.
16:38 of 1st period - Vaclav Prospal wins face-off versus Tyler Seguin in Nordiques zone.
17:00 of 1st period - Minor Penalty to Tyler Seguin for Interference.
17:01 of 1st period - Daniel Briere wins face-off versus Chris Drury in Capitals zone.
17:35 of 1st period - Icing by Dustin Byfuglien.
17:36 of 1st period - Vaclav Prospal wins face-off versus James Neal in Nordiques zone.
17:51 of 1st period - Mark Giordano is hit by Vaclav Prospal and loses puck.
19:00 of 1st period - Penalty to Tyler Seguin is over, Tyler Seguin is back on ice.
19:12 of 1st period - Snap shot by Erik Cole.
19:12 of 1st period - Stopped by Martin Brodeur without a rebound.
19:13 of 1st period - Paul Gaustad wins face-off versus Sean Couturier in Nordiques zone.
19:15 of 1st period - Icing by Ryan Ellis.
19:16 of 1st period - Ondrej Palat wins face-off versus Paul Gaustad in Nordiques zone.
19:17 of 1st period - Snap shot by Jarome Iginla.
19:17 of 1st period - Shot Misses the Net.
19:19 of 1st period - Wrist shot by Jarome Iginla.
19:19 of 1st period - Goal by Jarome Iginla - Capitals : 1 - Nordiques : 0.
19:20 of 1st period - Tyler Seguin wins face-off versus Chris Drury in neutral zone.
Goals for this period are 1 for Capitals vs 0 for Nordiques.
Shots for this period are 5 for Capitals vs 5 for Nordiques.
2nd period
0:01 of 2nd period - Chris Drury wins face-off versus Tyler Seguin in neutral zone.
0:06 of 2nd period - R.J. Umberger is hit by Tyler Seguin and loses puck.
1:06 of 2nd period - Slapshot by Paul Martin.
1:06 of 2nd period - Shot Blocked by R.J. Umberger.
1:08 of 2nd period - Slapshot by Mark Giordano.
1:08 of 2nd period - Stopped by Martin Brodeur with a rebound.
1:10 of 2nd period - Slapshot by Mark Giordano.
1:10 of 2nd period - Stopped by Martin Brodeur with a rebound.
1:12 of 2nd period - Snap shot by Mark Giordano.
1:12 of 2nd period - Stopped by Martin Brodeur with a rebound.
1:14 of 2nd period - Snap shot by Jamie Langenbrunner.
1:14 of 2nd period - Shot Misses the Net.
1:16 of 2nd period - Slapshot by Paul Martin.
1:16 of 2nd period - Shot Misses the Net.
1:30 of 2nd period - Wrist shot by Kyle Calder.
1:30 of 2nd period - Shot Misses the Net.
1:32 of 2nd period - Wrist shot by Vaclav Prospal.
1:32 of 2nd period - Stopped by Ilya Bryzgalov with a rebound.
1:34 of 2nd period - Snap shot by Vaclav Prospal.
1:34 of 2nd period - Stopped by Ilya Bryzgalov with a rebound.
1:40 of 2nd period - Minor Penalty to Tyler Seguin for Goalie Interference.
1:41 of 2nd period - Chris Drury wins face-off versus Daniel Briere in Capitals zone.
1:46 of 2nd period - Snap shot by Chris Drury.
1:46 of 2nd period - Deflect By R.J. Umberger.
1:46 of 2nd period - Stopped by Ilya Bryzgalov without a rebound.
1:47 of 2nd period - Daniel Briere wins face-off versus Chris Drury in Capitals zone.
2:03 of 2nd period - Jean-Pierre Dumont is hit by Jamie Langenbrunner.
3:40 of 2nd period - Penalty to Tyler Seguin is over, Tyler Seguin is back on ice.
3:52 of 2nd period - Snap shot by Paul Gaustad.
3:52 of 2nd period - Shot Misses the Net.
4:40 of 2nd period - T.J. Fast is hit by Jarome Iginla and loses puck.
4:51 of 2nd period - Slapshot by Dustin Byfuglien.
4:51 of 2nd period - Stopped by Ilya Bryzgalov without a rebound.
4:52 of 2nd period - Sean Couturier wins face-off versus Paul Gaustad in Capitals zone.
4:52 of 2nd period - Sean Couturier is hit by Fedor Tyutin.
5:54 of 2nd period - Off-side.
5:55 of 2nd period - Tyler Seguin wins face-off versus Chris Drury in neutral zone.
5:58 of 2nd period - Wrist shot by Marek Zidlicky.
5:58 of 2nd period - Stopped by Martin Brodeur with a rebound.
6:10 of 2nd period - Wrist shot by Chris Drury.
6:10 of 2nd period - Shot Misses the Net.
6:20 of 2nd period - Tyler Seguin is hit by T.J. Fast and loses puck.
6:37 of 2nd period - Wrist shot by Jarome Iginla.
6:37 of 2nd period - Deflect By Tyler Seguin.
6:37 of 2nd period - Stopped by Martin Brodeur with a rebound.
6:39 of 2nd period - Wrist shot by Tyler Seguin.
6:39 of 2nd period - Stopped by Martin Brodeur without a rebound.
6:40 of 2nd period - Sean Couturier wins face-off versus Rich Peverley in Nordiques zone.
7:11 of 2nd period - Slapshot by Pascal Dupuis.
7:11 of 2nd period - Stopped by Ilya Bryzgalov without a rebound.
7:12 of 2nd period - Chris Drury wins face-off versus James Neal in Capitals zone.
7:22 of 2nd period - Icing by Daniel Briere.
7:23 of 2nd period - Daniel Briere wins face-off versus Chris Drury in Capitals zone.
7:32 of 2nd period - Snap shot by Marek Zidlicky.
7:32 of 2nd period - Stopped by Martin Brodeur with a rebound.
8:08 of 2nd period - Snap shot by Ryan Callahan.
8:08 of 2nd period - Stopped by Martin Brodeur with a rebound.
8:22 of 2nd period - Erik Cole is hit by Dustin Byfuglien and loses puck.
8:40 of 2nd period - Snap shot by Saku Koivu.
8:40 of 2nd period - Shot Misses the Net.
8:42 of 2nd period - Wrist shot by Saku Koivu.
8:42 of 2nd period - Goal by Saku Koivu - Capitals : 2 - Nordiques : 0.
8:43 of 2nd period - Jean-Pierre Dumont wins face-off versus Tyler Seguin in neutral zone.
9:13 of 2nd period - Slapshot by Vaclav Prospal.
9:13 of 2nd period - Stopped by Ilya Bryzgalov without a rebound.
9:14 of 2nd period - Daniel Briere wins face-off versus Vaclav Prospal in Capitals zone.
9:16 of 2nd period - Minor Penalty to Daniel Briere for Tripping.
9:17 of 2nd period - Jarome Iginla wins face-off versus Chris Drury in Capitals zone.
9:17 of 2nd period - Jarome Iginla is hit by Jean-Pierre Dumont.
11:16 of 2nd period - Penalty to Daniel Briere is over, Daniel Briere is back on ice.
11:32 of 2nd period - Wrist shot by James Neal.
11:32 of 2nd period - Shot Misses the Net.
11:42 of 2nd period - T.J. Fast is hit by Erik Cole and loses puck.
11:53 of 2nd period - Slapshot by Jarome Iginla.
11:53 of 2nd period - Shot Blocked by Dustin Byfuglien.
11:55 of 2nd period - Slapshot by Jay Harrison.
11:55 of 2nd period - Shot Misses the Net.
12:47 of 2nd period - Wrist shot by Jarome Iginla.
12:47 of 2nd period - Shot Blocked by Dmitry Kulikov.
12:49 of 2nd period - Slapshot by Ondrej Palat.
12:49 of 2nd period - Goal by Ondrej Palat - Capitals : 3 - Nordiques : 0.
12:50 of 2nd period - Chris Drury wins face-off versus Tyler Seguin in neutral zone.
13:16 of 2nd period - Minor Penalty to James Neal for Tripping.
13:17 of 2nd period - Daniel Briere wins face-off versus Chris Drury in Capitals zone.
13:57 of 2nd period - Wrist shot by Kyle Calder.
13:57 of 2nd period - Stopped by Ilya Bryzgalov without a rebound.
13:58 of 2nd period - Daniel Briere wins face-off versus Vaclav Prospal in Capitals zone.
14:33 of 2nd period - Daniel Briere is hit by Mark Eaton and loses puck.
15:16 of 2nd period - Penalty to James Neal is over, James Neal is back on ice.
15:24 of 2nd period - Backhand shot by Ondrej Palat.
15:24 of 2nd period - Shot Blocked by Dustin Byfuglien.
15:28 of 2nd period - Snap shot by Tyler Seguin.
15:28 of 2nd period - Stopped by Martin Brodeur with a rebound.
15:30 of 2nd period - Slapshot by Jay Harrison.
15:30 of 2nd period - Deflect By Jarome Iginla.
15:30 of 2nd period - Shot Misses the Net.
15:30 of 2nd period - Puck is out of play.
15:31 of 2nd period - Paul Gaustad wins face-off versus Ondrej Palat in Nordiques zone.
15:42 of 2nd period - Wrist shot by Paul Gaustad.
15:42 of 2nd period - Deflect By Michael Ryder.
15:42 of 2nd period - Stopped by Ilya Bryzgalov without a rebound.
15:43 of 2nd period - Chris Drury wins face-off versus Daniel Briere in Capitals zone.
15:48 of 2nd period - Wrist shot by R.J. Umberger.
15:48 of 2nd period - Shot Blocked by Paul Martin.
15:51 of 2nd period - Icing by Mark Giordano.
15:52 of 2nd period - Daniel Briere wins face-off versus Chris Drury in Capitals zone.
16:13 of 2nd period - Backhand shot by James Neal.
16:13 of 2nd period - Stopped by Martin Brodeur without a rebound.
16:14 of 2nd period - Vaclav Prospal wins face-off versus Tyler Seguin in Nordiques zone.
16:39 of 2nd period - Marek Zidlicky is hit by Dustin Byfuglien and loses puck.
17:06 of 2nd period - Slapshot by T.J. Fast.
17:06 of 2nd period - Stopped by Ilya Bryzgalov without a rebound.
17:07 of 2nd period - Tyler Seguin wins face-off versus Vaclav Prospal in Capitals zone.
18:25 of 2nd period - Wrist shot by Vaclav Prospal.
18:25 of 2nd period - Shot Misses the Net.
18:27 of 2nd period - Backhand shot by Kyle Calder.
18:27 of 2nd period - Shot Misses the Net.
18:47 of 2nd period - Snap shot by Jarome Iginla.
18:47 of 2nd period - Stopped by Martin Brodeur with a rebound.
19:01 of 2nd period - Slapshot by Scottie Upshall.
19:01 of 2nd period - Shot Blocked by T.J. Fast.
19:07 of 2nd period - Wrist shot by Scottie Upshall.
19:07 of 2nd period - Stopped by Martin Brodeur with a rebound.
19:19 of 2nd period - Wrist shot by Vaclav Prospal.
19:19 of 2nd period - Goal by Vaclav Prospal - Capitals : 3 - Nordiques : 1.
19:20 of 2nd period - Tyler Seguin wins face-off versus Chris Drury in neutral zone.
19:45 of 2nd period - Pascal Dupuis is hit by James Neal and loses puck.
Goals for this period are 2 for Capitals vs 1 for Nordiques.
Shots for this period are 14 for Capitals vs 10 for Nordiques.
3rd period
0:01 of 3rd period - Chris Drury wins face-off versus Tyler Seguin in neutral zone.
0:14 of 3rd period - Wrist shot by Ondrej Palat.
0:14 of 3rd period - Shot Blocked by Fedor Tyutin.
0:52 of 3rd period - Snap shot by Matt Moulson.
0:52 of 3rd period - Deflect By Paul Gaustad.
0:52 of 3rd period - Stopped by Ilya Bryzgalov with a rebound.
1:38 of 3rd period - Slapshot by Jarome Iginla.
1:38 of 3rd period - Shot Misses the Net.
1:41 of 3rd period - Icing by Dustin Byfuglien.
1:42 of 3rd period - Daniel Briere wins face-off versus Vaclav Prospal in Nordiques zone.
1:43 of 3rd period - Slapshot by James Neal.
1:43 of 3rd period - Stopped by Martin Brodeur with a rebound.
1:49 of 3rd period - Scottie Upshall is hit by T.J. Fast and loses puck.
2:03 of 3rd period - Slapshot by Dustin Byfuglien.
2:03 of 3rd period - Stopped by Ilya Bryzgalov with a rebound.
2:05 of 3rd period - Snap shot by Pascal Dupuis.
2:05 of 3rd period - Stopped by Ilya Bryzgalov with a rebound.
2:07 of 3rd period - Wrist shot by Kyle Calder.
2:07 of 3rd period - Shot Misses the Net.
2:09 of 3rd period - Slapshot by T.J. Fast.
2:09 of 3rd period - Shot Misses the Net.
2:11 of 3rd period - Slapshot by Kyle Calder.
2:11 of 3rd period - Shot Blocked by Paul Martin.
2:13 of 3rd period - Slapshot by Dustin Byfuglien.
2:13 of 3rd period - Stopped by Ilya Bryzgalov without a rebound.
2:14 of 3rd period - Chris Drury wins face-off versus Tyler Seguin in Capitals zone.
2:31 of 3rd period - Off-side.
2:32 of 3rd period - Paul Gaustad wins face-off versus Daniel Briere in neutral zone.
2:59 of 3rd period - R.J. Umberger is hit by Mark Giordano and loses puck.
3:06 of 3rd period - Slapshot by T.J. Fast.
3:06 of 3rd period - Stopped by Ilya Bryzgalov with a rebound.
3:08 of 3rd period - Snap shot by Jean-Pierre Dumont.
3:08 of 3rd period - Shot Misses the Net.
3:10 of 3rd period - Slapshot by T.J. Fast.
3:10 of 3rd period - Deflect By Ryan Callahan.
3:10 of 3rd period - Stopped by Ilya Bryzgalov with a rebound.
3:30 of 3rd period - Snap shot by Vaclav Prospal.
3:30 of 3rd period - Stopped by Ilya Bryzgalov without a rebound.
3:31 of 3rd period - Tyler Seguin wins face-off versus Chris Drury in Capitals zone.
3:36 of 3rd period - Tyler Seguin is hit by Jean-Pierre Dumont and loses puck.
3:45 of 3rd period - Snap shot by Jarome Iginla.
3:45 of 3rd period - Stopped by Martin Brodeur without a rebound.
3:46 of 3rd period - Chris Drury wins face-off versus Scottie Upshall in Nordiques zone.
4:19 of 3rd period - Off-side.
4:20 of 3rd period - Chris Drury wins face-off versus Tyler Seguin in neutral zone.
4:25 of 3rd period - Snap shot by Jean-Pierre Dumont.
4:25 of 3rd period - Stopped by Ilya Bryzgalov without a rebound.
4:26 of 3rd period - Chris Drury wins face-off versus Tyler Seguin in Capitals zone.
5:08 of 3rd period - Minor Penalty to Scottie Upshall for Tripping.
5:09 of 3rd period - Daniel Briere wins face-off versus Chris Drury in Capitals zone.
5:20 of 3rd period - Wrist shot by Jamie Langenbrunner.
5:20 of 3rd period - Stopped by Martin Brodeur with a rebound.
5:24 of 3rd period - Wrist shot by Daniel Briere.
5:24 of 3rd period - Stopped by Martin Brodeur with a rebound.
5:42 of 3rd period - Snap shot by Jean-Pierre Dumont.
5:42 of 3rd period - Stopped by Ilya Bryzgalov without a rebound.
5:43 of 3rd period - Vaclav Prospal wins face-off versus Daniel Briere in Capitals zone.
5:51 of 3rd period - Snap shot by Pascal Dupuis.
5:51 of 3rd period - Deflect By Paul Martin.
5:51 of 3rd period - Stopped by Ilya Bryzgalov with a rebound.
5:53 of 3rd period - Slapshot by Pascal Dupuis.
5:53 of 3rd period - Shot Misses the Net.
5:55 of 3rd period - Slapshot by T.J. Fast.
5:55 of 3rd period - Stopped by Ilya Bryzgalov with a rebound.
5:57 of 3rd period - Snap shot by Dustin Byfuglien.
5:57 of 3rd period - Deflect By Kyle Calder.
5:57 of 3rd period - Shot Misses the Net.
5:57 of 3rd period - Puck is out of play.
5:58 of 3rd period - Daniel Briere wins face-off versus Chris Drury in Capitals zone.
6:21 of 3rd period - Kyle Calder is hit by James Neal and loses puck.
7:08 of 3rd period - Penalty to Scottie Upshall is over, Scottie Upshall is back on ice.
7:30 of 3rd period - Ondrej Palat is hit by Paul Gaustad and loses puck.
7:43 of 3rd period - T.J. Fast is hit by Ryan Callahan and loses puck.
7:59 of 3rd period - Icing by Daniel Briere.
8:00 of 3rd period - Vaclav Prospal wins face-off versus Daniel Briere in Capitals zone.
8:15 of 3rd period - Off-side.
8:16 of 3rd period - Tyler Seguin wins face-off versus Chris Drury in neutral zone.
9:36 of 3rd period - R.J. Umberger is hit by Tyler Seguin and loses puck.
10:01 of 3rd period - Snap shot by James Neal.
10:01 of 3rd period - Stopped by Martin Brodeur with a rebound.
10:26 of 3rd period - Wrist shot by Vaclav Prospal.
10:26 of 3rd period - Stopped by Ilya Bryzgalov with a rebound.
10:28 of 3rd period - Slapshot by Vaclav Prospal.
10:28 of 3rd period - Shot Blocked by Jay Harrison.
10:30 of 3rd period - Slapshot by Kyle Calder.
10:30 of 3rd period - Stopped by Ilya Bryzgalov without a rebound.
10:31 of 3rd period - Chris Drury wins face-off versus Tyler Seguin in Capitals zone.
10:58 of 3rd period - Paul Martin is hit by Matt Moulson and loses puck.
11:17 of 3rd period - Erik Cole is hit by Mark Eaton and loses puck.
11:46 of 3rd period - Wrist shot by Saku Koivu.
11:46 of 3rd period - Shot Blocked by Ryan Ellis.
11:48 of 3rd period - Slapshot by Jamie Langenbrunner.
11:48 of 3rd period - Stopped by Martin Brodeur without a rebound.
11:49 of 3rd period - Paul Gaustad wins face-off versus Tyler Seguin in Nordiques zone.
11:49 of 3rd period - Paul Gaustad is hit by Marek Zidlicky.
11:55 of 3rd period - Slapshot by Fedor Tyutin.
11:55 of 3rd period - Stopped by Ilya Bryzgalov without a rebound.
11:56 of 3rd period - Paul Gaustad wins face-off versus Tyler Seguin in Capitals zone.
12:04 of 3rd period - Off-side.
12:05 of 3rd period - Jean-Pierre Dumont wins face-off versus Tyler Seguin in neutral zone.
12:08 of 3rd period - Slapshot by Mark Eaton.
12:08 of 3rd period - Stopped by Ilya Bryzgalov with a rebound.
12:32 of 3rd period - James Neal is hit by Kyle Calder and loses puck.
12:37 of 3rd period - Snap shot by Pascal Dupuis.
12:37 of 3rd period - Shot Blocked by Scottie Upshall.
12:51 of 3rd period - Wrist shot by Paul Gaustad.
12:51 of 3rd period - Stopped by Ilya Bryzgalov with a rebound.
12:53 of 3rd period - Wrist shot by Michael Ryder.
12:53 of 3rd period - Stopped by Ilya Bryzgalov with a rebound.
12:55 of 3rd period - Wrist shot by Matt Moulson.
12:55 of 3rd period - Shot Misses the Net.
13:27 of 3rd period - Slapshot by Kris Russell.
13:27 of 3rd period - Stopped by Martin Brodeur with a rebound.
13:29 of 3rd period - Slapshot by Kris Russell.
13:29 of 3rd period - Deflect By Ondrej Palat.
13:29 of 3rd period - Shot Blocked by Pascal Dupuis.
13:29 of 3rd period - Puck is out of play.
13:30 of 3rd period - Tyler Seguin wins face-off versus Vaclav Prospal in Nordiques zone.
13:55 of 3rd period - Slapshot by Daniel Briere.
13:55 of 3rd period - Shot Blocked by Fedor Tyutin.
14:01 of 3rd period - Wrist shot by Scottie Upshall.
14:01 of 3rd period - Goal by Scottie Upshall - Capitals : 4 - Nordiques : 1.
14:02 of 3rd period - Chris Drury wins face-off versus Tyler Seguin in neutral zone.
14:28 of 3rd period - Daniel Briere is hit by Pascal Dupuis and loses puck.
14:37 of 3rd period - Wrist shot by Fedor Tyutin.
14:37 of 3rd period - Shot Blocked by Zdeno Chara.
14:39 of 3rd period - Slapshot by Fedor Tyutin.
14:39 of 3rd period - Goal by Fedor Tyutin - Capitals : 4 - Nordiques : 2.
14:40 of 3rd period - Tyler Seguin wins face-off versus Chris Drury in neutral zone.
14:43 of 3rd period - Wrist shot by Jarome Iginla.
14:43 of 3rd period - Deflect By Tyler Seguin.
14:43 of 3rd period - Stopped by Martin Brodeur without a rebound.
14:44 of 3rd period - Tyler Seguin wins face-off versus Chris Drury in Nordiques zone.
14:45 of 3rd period - Snap shot by Jarome Iginla.
14:45 of 3rd period - Stopped by Martin Brodeur without a rebound.
14:46 of 3rd period - Chris Drury wins face-off versus Tyler Seguin in Nordiques zone.
15:53 of 3rd period - Scottie Upshall is hit by T.J. Fast and loses puck.
16:51 of 3rd period - Wrist shot by Tyler Seguin.
16:51 of 3rd period - Shot Misses the Net.
17:16 of 3rd period - Jay Harrison is hit by T.J. Fast and loses puck.
17:33 of 3rd period - Minor Penalty to T.J. Fast for Roughing.
17:34 of 3rd period - R.J. Umberger wins face-off versus Tyler Seguin in Nordiques zone.
17:48 of 3rd period - Slapshot by Paul Martin.
17:48 of 3rd period - Stopped by Martin Brodeur without a rebound.
17:49 of 3rd period - R.J. Umberger wins face-off versus Tyler Seguin in Nordiques zone.
18:22 of 3rd period - Snap shot by Daniel Briere.
18:22 of 3rd period - Stopped by Martin Brodeur with a rebound.
18:24 of 3rd period - Snap shot by Zdeno Chara.
18:24 of 3rd period - Stopped by Martin Brodeur without a rebound.
18:25 of 3rd period - Daniel Briere wins face-off versus R.J. Umberger in Nordiques zone.
19:31 of 3rd period - Wrist shot by Tyler Seguin.
19:31 of 3rd period - Goal by Tyler Seguin - Capitals : 5 - Nordiques : 2.
19:32 of 3rd period - Jarome Iginla wins face-off versus Vaclav Prospal in neutral zone.
Goals for this period are 2 for Capitals vs 1 for Nordiques.
Shots for this period are 14 for Capitals vs 18 for Nordiques.
Back to the Top